 Dungeon Crawl Stone Soup version 0.30-a0-634-g8abc85282e (webtiles) character file.

Game seed: 10606727123423611513

8394 bande the Cleaver (level 11, -4/68 HPs)
             Began as a Gargoyle Fighter on Jan 15, 2023.
             Was a Priest of Okawaru.
             Slain by a komodo dragon (18 damage)
             ... on level 1 of the Lair of Beasts.
             The game lasted 00:14:06 (6465 turns).

bande the Cleaver (Gargoyle Fighter)                Turns: 6465, Time: 00:14:06

Health: -4/68      AC: 26    Str: 18    XL:     11   Next: 30%
Magic:  14/14      EV:  5    Int: 14    God:    Okawaru [***...]
Gold:   462        SH:  5    Dex: 12    Spells: 10/10 levels left

rFire   . . .      SeeInvis .    a - +1 war axe (spect)
rCold   + . .      Faith    .    c - +0 buckler
rNeg    + . .      Spirit   .    J - +0 plate armour
rPois   ∞          Reflect  .    (helmet restricted)
rElec   +          Harm     .    f - +0 cloak
rCorr   .          Rampage  .    y - +2 pair of gloves
Will    .....      Clarity  +    (no boots) Stlth
                                 r - amulet of regeneration
HPRegen 1.11/turn                k - ring of protection from cold
MPRegen 0.14/turn                (no ring)

@: flying
A: sickness immunity, AC +8, negative energy resistance 1, electricity
resistance, torment resistance 1, petrification resistance, antennae 1, big
wings, clarity, clever 1
a: Renounce Religion, Heroism


You were on level 1 of the Lair of Beasts.
You worshipped Okawaru.
Okawaru was most pleased with you.
You visited 3 branches of the dungeon, and saw 10 of its levels.

You collected 657 gold pieces.
You spent 195 gold pieces at shops.

Inventory:

Hand Weapons
 a - a +1 spectral war axe (weapon)
 u - a +3 flail
 C - a +0 war axe
Missiles
 A - 2 throwing nets (quivered)
Armour
 c - a +0 buckler (worn)
 f - a +0 cloak (worn)
 p - a +1 helmet
 y - a +2 pair of gloves (worn)
 J - a +0 plate armour (worn)
Jewellery
 k - a ring of protection from cold (left hand)
 r - an amulet of regeneration (around neck)
 z - an amulet of magic regeneration
 G - a ring of magical power
Wands
 e - a wand of quicksilver (6)
 v - a wand of polymorph (12)
Scrolls
 b - 2 scrolls of magic mapping
 i - 2 scrolls of poison
 j - 2 scrolls of blinking
 o - a scroll of teleportation
 q - 3 scrolls of amnesia
 x - a scroll of enchant armour
 B - a scroll of identify
 D - a scroll of silence
 F - a scroll of enchant weapon
Potions
 d - 3 potions of might
 g - a potion of heal wounds
 h - a potion of cancellation
 l - 3 potions of ambrosia
 m - 5 potions of flight
 n - a potion of magic
 s - 3 potions of haste
 t - 2 potions of curing
 w - a potion of brilliance
 E - a potion of mutation
 K - a potion of resistance


   Skills:
 + Level 7.8 Fighting
 + Level 10.3 Axes
 + Level 8.2 Armour
 - Level 0.7 Stealth
 + Level 5.9 Shields
 * Level 4.7 Invocations
 * Level 6.2 Evocations


You had 10 spell levels left.
You didn't know any spells.
Your spell library contained the following spells:

 Spells                   Type           Power      Damage    Failure   Level
 Freeze                   Ice            0%         1d3       100%        1
 Blink                    Tloc           0%         N/A       100%        2
 Momentum Strike          Conj/Tloc      0%         3d8       100%        2
 Wereblood                Tmut           0%         N/A       100%        2
 Frozen Ramparts          Ice            0%         1d1       100%        3
 Hailstorm                Conj/Ice       0%         3d3       100%        3
 Lesser Beckoning         Tloc           0%         N/A       100%        3
 Vhi's Electric Charge    Tloc/Air       0%         N/A       100%        3
 Passage of Golubria      Tloc           0%         N/A       100%        4
 Arcjolt                  Conj/Air       0%         1d10      100%        5
 Yara's Violent Unravell  Hex/Tmut       0%         3d3       100%        5
 Maxwell's Capacitive Co  Air            0%         ∞         100%        8
 Sublimation of Blood     Necr           Unusable   N/A       N/A         2
 Tukima's Dance           Hex            Unusable   N/A       N/A         3
 Summon Hydra             Summ           Unusable   N/A       N/A         7

Dungeon Overview and Level Annotations

Branches:
Dungeon (8/15)             Temple (1/1) D:7            Lair (1/5) D:8

Altars:
Dithmenos
Elyvilon
Gozag
Hepliaklqana
Kikubaaqudgha
Makhleb
Nemelex Xobeh
Okawaru
Qazlal
Ru
Sif Muna
Trog
Uskayaw
Vehumet
Wu Jian
Xom
Yredelemnul
The Shining One

Shops:
D:4 [


Innate Abilities, Weirdness & Mutations

You are immune to sickness and miasma.
Your stone body is resilient. (AC +8)
You are immune to poison.
You resist negative energy. (rN+)
You are resistant to electric shocks. (rElec)
You are resistant to unholy torment.
You are immune to petrification.
You have a pair of small antennae on your head.
Your large and strong wings let you fly.
You possess an exceptional clarity of mind.
Your mind is acute. (Int +4, Str/Dex -1)


Message History

The komodo dragon is moderately wounded.
The komodo dragon bites you but does no damage.
You hit the komodo dragon but do no damage.
The komodo dragon is moderately wounded.
The komodo dragon bites you but does no damage.
You closely miss the komodo dragon.
The komodo dragon is moderately wounded.
The komodo dragon bites you!!
You hit the komodo dragon but do no damage.
The komodo dragon is moderately wounded.
The komodo dragon bites you but does no damage.
You slash the komodo dragon!
The komodo dragon is moderately wounded.
The komodo dragon bites you!
You barely miss the komodo dragon.
The komodo dragon is moderately wounded.
The komodo dragon bites you!
You are too injured to fight recklessly!
You are too injured to fight recklessly!
You are too injured to fight recklessly!
You are too injured to fight recklessly!
You are too injured to fight recklessly!
You are too injured to fight recklessly!
You are too injured to fight recklessly!
You are too injured to fight recklessly!
You are too injured to fight recklessly!
You hit the komodo dragon.
The komodo dragon is heavily wounded.
The komodo dragon bites you but does no damage.
You hit the komodo dragon.
The komodo dragon is heavily wounded.
The komodo dragon bites you!!
* * * LOW HITPOINT WARNING * * *
You closely miss the komodo dragon.
The komodo dragon is heavily wounded.
The komodo dragon barely misses you.
You slash the komodo dragon!
The komodo dragon is heavily wounded.
The komodo dragon bites you!!
You die...

##.......# # #...#.#..#
# # ###......(.# .#.
#P.##......## #.#
#..[........#
##.###.##...†##.## $..
...###..##...
#l###........##.## ##@#
#.###P.P.#### #..##..
##....## ##.P##. #.P...#
#..##.## #.#...#
##.###..###.....### #.
##P.## ..##....#....
#[###....###.##...###...
#.#......##..##....#....
#.#..............^.#.###


You could see a komodo dragon.

Vanquished Creatures
  2 two-headed ogres
  Amaemon (D:8)
  An orange demon (D:8)
  A cane toad (Lair:1)
  2 komodo dragons (Lair:1)
  A troll (D:8)
  5 yaks (Lair:1)
  Eustachio (D:6)
  A vampire mosquito (D:8)
  Grum (D:8)
  A water moccasin (D:5)
  2 orc warriors
  2 ice beasts
  2 sky beasts (D:7)
  2 black bears
  An ogre (D:5)
  A centaur (D:7)
  7 wolves (D:8)
  3 phantoms
  2 kobold brigands (D:8)
  5 bullfrogs
  A gnoll sergeant (D:5)
  9 scorpions
  A necrophage (D:6)
  10 killer bees
  2 electric eels (D:8)
  3 howler monkeys (D:7)
  2 jellies
  2 orc priests
  8 hounds
  2 iguanas
  4 orc wizards
  Robin (D:3)
  5 adders
  8 gnolls
  2 shadow imps (D:5)
  2 white imps
  An ufetubus (D:5)
  2 worms
  2 dart slugs
  17 orcs
  4 ball pythons
  8 endoplasms
  10 giant cockroaches
  16 goblins
  10 hobgoblins
  7 jackals
  12 kobolds
  6 quokkas
  5 bats
  2 frilled lizards
  9 rats
  5 butterflies (D:8)
222 creatures vanquished.

Vanquished Creatures (others)
  3 fungi (Lair:1)
  6 plants
9 creatures vanquished.

Grand Total: 231 creatures vanquished

Notes
Turn   | Place    | Note
-------+----------+-------------------------------------------
     0 | D:1      | bande the Gargoyle Fighter began the quest for the Orb.
     0 | D:1      | Reached XP level 1. HP: 14/14 MP: 1/1
    94 | D:1      | Reached XP level 2. HP: 19/19 MP: 2/2
   158 | D:1      | Found a faded altar of an unknown god.
   230 | D:1      | Reached skill level 2 in Axes
   363 | D:1      | Reached XP level 3. HP: 21/24 MP: 3/3
   862 | D:2      | Found a basalt altar of Yredelemnul.
  1480 | D:3      | Reached XP level 4. HP: 29/29 MP: 4/4
  1504 | D:3      | Noticed Robin
  1527 | D:3      | Killed Robin
  1528 | D:3      | Reached skill level 3 in Axes
  1649 | D:3      | Found a hazy altar of Hepliaklqana.
  1883 | D:3      | Reached XP level 5. HP: 33/33 MP: 5/5
  2064 | D:4      | Found a glowing golden altar of the Shining One.
  2125 | D:4      | Found Buelaam's Antique Armour Emporium.
  2235 | D:4      | Found a glowing drain.
  2316 | D:4      | Bought a pair of embroidered gloves for 195 gold pieces
  2442 | D:4      | Reached XP level 6. HP: 38/38 MP: 6/6
  2768 | D:4      | Reached skill level 4 in Axes
  2768 | D:4      | Reached skill level 1 in Evocations
  2807 | D:5      | Entered Level 5 of the Dungeon
  2843 | D:4      | Reached XP level 7. HP: 35/44 MP: 7/7
  2994 | D:5      | Reached skill level 5 in Axes
  2996 | D:5      | Reached skill level 5 in Armour
  3040 | D:5      | Gained mutation: You are frail. (-10% HP) [potion of
                  | mutation]
  3040 | D:5      | Gained mutation: You have a pair of small antennae on your
                  | head. [potion of mutation]
  3040 | D:5      | Gained mutation: You are covered in fur. (AC +1) [potion of
                  | mutation]
  3040 | D:5      | Gained mutation: Your large and strong wings let you fly.
                  | [potion of mutation]
  3041 | D:5      | Lost mutation: You are frail. (-10% HP) [potion of
                  | mutation]
  3041 | D:5      | Lost mutation: You are covered in fur. (AC +1) [potion of
                  | mutation]
  3041 | D:5      | Gained mutation: You possess an exceptional clarity of
                  | mind. [potion of mutation]
  3041 | D:5      | Gained mutation: Your mind is acute. (Int +4, Str/Dex -1)
                  | [potion of mutation]
  3046 | D:5      | Found a hide-covered altar of Uskayaw.
  3060 | D:5      | Reached XP level 8. HP: 48/48 MP: 8/8
  3115 | D:5      | Found a sacrificial altar of Ru.
  3211 | D:5      | Found a white marble altar of Elyvilon.
  3272 | D:5      | Reached skill level 6 in Axes
  3284 | D:5      | Reached skill level 5 in Fighting
  3434 | D:5      | Found a shadowy altar of Dithmenos.
  3435 | D:5      | Found a bloodstained altar of Trog.
  3848 | D:6      | Noticed Eustachio
  3853 | D:6      | Killed Eustachio
  3854 | D:6      | Reached skill level 7 in Axes
  4242 | D:6      | Reached XP level 9. HP: 54/54 MP: 9/9
  4661 | D:7      | Reached skill level 8 in Axes
  4664 | D:7      | Reached skill level 5 in Shields
  5002 | D:7      | Found a staircase to the Ecumenical Temple.
  5010 | Temple   | Entered the Ecumenical Temple
  5072 | Temple   | Became a worshipper of Warmaster Okawaru
  5101 | D:7      | Found a sparkling altar of Nemelex Xobeh.
  5175 | D:7      | Noticed a two-headed ogre
  5181 | D:7      | Killed a two-headed ogre
  5181 | D:7      | Reached * piety under Okawaru
  5182 | D:7      | Reached skill level 1 in Invocations
  5182 | D:7      | Reached skill level 5 in Evocations
  5182 | D:7      | Reached XP level 10. HP: 61/61 MP: 9/11
  5454 | D:8      | Identified the +5 rapier of Buocken {freeze, rPois Dex+2}
  5597 | D:8      | Noticed Grum
  5609 | D:8      | Killed Grum
  5610 | D:8      | Reached skill level 9 in Axes
  5614 | D:8      | Found a runed translucent door.
  5636 | D:8      | Found a runed translucent door.
  5737 | D:8      | Found a staircase to the Lair.
  5814 | D:8      | Noticed a two-headed ogre
  5819 | D:8      | Killed a two-headed ogre
  5819 | D:8      | Reached ** piety under Okawaru
  5944 | D:8      | Noticed Amaemon
  5945 | D:8      | Noticed an orange demon
  5961 | D:8      | Killed Amaemon
  5966 | D:8      | Killed an orange demon
  6055 | D:8      | Reached XP level 11. HP: 66/67 MP: 13/13
  6056 | D:8      | Reached *** piety under Okawaru
  6120 | Lair:1   | Entered Level 1 of the Lair of Beasts
  6174 | Lair:1   | Reached skill level 10 in Axes
  6465 | Lair:1   | Slain by a komodo dragon

Illustrated notes

Levels and vault maps discovered:
D:1:      dpeg_arrival_arbitrary_b, layout_basic,
          hellmonk_ecumenical_altar_crossroads, minmay_fountain_box,
          minmay_cut_off
D:2:      layout_loops_ring, basic_altar
D:3:      layout_rooms, lemuel_tele_altar, minmay_pentomino_pile, uniq_robin
D:4:      layout_basic, mainiacjoe_overflow_chevrons, serial_shops,
          nicolae_shop_waterfront, gup_sewer_entry_pipe
D:5:      layout_cave_pools, nicolae_elyvilon_peaceful_grove,
          mainiacjoe_overflow_cross_hatched, nicolae_overflow_squiral,
          minmay_ruined_shrine
D:6:      layout_basic, st_stairs_11, uniq_eustachio
D:7:      layout_gridville, lemuel_doored_altar,
          minmay_temple_entry_drinking_statues
D:8:      lemuel_insect_pit, layout_gridville, erik_lair_island,
          lemuel_flamethrower_2, uniq_grum, uniq_amaemon
Temple:   zaba_magenta_temple
Lair:1:   layout_loops_ring

Skill      XL: |  1  2  3  4  5  6  7  8  9 10 11 |
---------------+----------------------------------+-----
Axes           | 2 3 4 5 7 8 9 10 | 10.3
Armour         | 4 5 6 7 8 |  8.2
Fighting       | 4 5 6 7 |  7.8
Evocations     | 1 2 3 5 6 |  6.2
Shields        | 4 5 |  5.9
Invocations    | 1 3 4 |  4.7
Stealth        | |  0.7

Action                   |  1- 3 |  4- 6 |  7- 9 | 10-12 || total
-------------------------+-------+-------+-------+-------++-------
Melee: War axe           |   118 |   117 |   148 |   138 ||   521
  Use: Scroll            |     9 |     6 |     8 |     5 ||    28
       Potion            |       |       |     2 |       ||     2
 Stab: Distracted        |       |       |     2 |     3 ||     5
Armor: Scale mail        |    76 |    61 |       |       ||   137
       Chain mail        |       |     4 |    83 |    10 ||    97
       Plate armour      |       |       |       |   106 ||   106
Dodge: Dodged            |    59 |    45 |    66 |    41 ||   211
Block: Buckler           |    23 |    16 |    33 |    33 ||   105

Table legend: (Time is in decaauts)
 A = Elapsed time spent in this place.
 B = Non-inter-level travel time spent in this place.
 C = Inter-level travel time spent in this place.
 D = Time resting spent in this place.
 E = Time spent auto-exploring this place.
 F = Levels seen in this place.
 G = Mean time per level.
                   A        B        C        D        E       F      G
               +--------+--------+--------+--------+--------+-----+--------+
         Total |   6605 |   6420 |    185 |    149 |   4619 |  10 |  660.5 |
       Dungeon |   6180 |   5995 |    185 |    149 |   4319 |   8 |  772.5 |
        Temple |     78 |     78 |      0 |      0 |     50 |   1 |   78.0 |
          Lair |    346 |    346 |      0 |      0 |    250 |   1 |  346.0 |
               +--------+--------+--------+--------+--------+-----+--------+

Top non-repeatable levels by time:
     D:6: 919 daAuts
     D:4: 909 daAuts
     D:7: 887 daAuts
     D:1: 780 daAuts
     D:2: 732 daAuts
     D:8: 676 daAuts
     D:5: 676 daAuts
     D:3: 598 daAuts
  Lair:1: 346 daAuts
  Temple: 78 daAuts
